 Dungeon Crawl Stone Soup version 0.30.0-3-ga4e48a9924 (webtiles) character file.

Game seed: 15600368937772389011

25 PoweredByGinger the Shield-Bearer (level 2, -11/29 HPs)
             Began as a Troll Fighter on May 8, 2023.
             Mangled by a goblin
             ... wielding a +2 dagger of electrocution
              (14 damage)
             ... on level 1 of the Dungeon.
             The game lasted 00:00:38 (445 turns).

PoweredByGinger the Shield-Bearer (Troll Fighter)    Turns: 445, Time: 00:00:39

Health: -11/29     AC:  4    Str: 23    XL:     2   Next: 86%
Magic:  1/1        EV:  8    Int:  4    God:
Gold:   30         SH:  7    Dex:  9    Spells: 1/1 levels left

rFire   . . .        a - +0 flail
rCold   . . .        c - +0 kite shield
rNeg    . . .        b - +0 robe
rPois   .            (helmet restricted)
rElec   .            (no cloak)
rCorr   .            (gloves unavailable)
SInv    .            (boots unavailable)
Will    .....        (no amulet)
Stlth   +            (no ring)
HPRegen 1.04/turn    (no ring)
MPRegen 0.07/turn

%: no passive effects
@: no status effects
A: large, unfitting armour, claws 3, regeneration 1, shaggy fur 1, tough skin 1
a: no special abilities


You were on level 1 of the Dungeon.
You visited 1 branch of the dungeon, and saw 1 of its levels.

You collected 30 gold pieces.

Inventory:

Hand Weapons
 a - a +0 flail (weapon)
Armour
 b - a +0 robe (worn)
 c - a +0 kite shield (worn)
Scrolls
 i - a scroll of magic mapping {unknown}
 k - a scroll of vulnerability {unknown}
Potions
 d - a potion of might
 e - 2 potions of curing {unknown}
 f - a potion of flight {unknown}
 g - a potion of magic {unknown}
 h - a potion of mutation {unknown}
 j - a potion of haste {unknown}


   Skills:
 - Level 2.4 Fighting
 + Level 2.5 Maces & Flails
 - Level 2.4 Dodging
 + Level 3.2 Shields


You had one spell level left.
You didn't know any spells.
Your spell library was empty.

Dungeon Overview and Level Annotations

Branches:
Dungeon (1/15)

Altars:


Innate Abilities, Weirdness & Mutations

You are too large for most types of armour.
You have claws for hands.
Your natural rate of healing is unusually fast.
You are covered in fur. (AC +1)
You have tough skin. (AC +1)


Message History

A ball python comes into view.
A kobold comes into view. It is wielding a +0 short sword.
The ball python hisses angrily.
The kobold shouts!
You see here 15 gold pieces.
You barely miss the ball python. You block the ball python's attack.
The ball python closely misses you.
You hit the ball python.
The ball python is moderately wounded.
The ball python bites you but does no damage.
The ball python barely misses you.
You thump the ball python!
You kill the ball python!
The kobold hits you with a +0 short sword.
You hit the kobold.
The kobold is moderately wounded.
The kobold misses you.
You thump the kobold!
You kill the kobold!
No target in view!
No target in view!
Search for what [? for help]? helm You now have 30 gold pieces (gained 15).
Things that are here:
a +0 short sword; a kobold corpse; a ball python corpse A goblin comes into view.
It is wielding a +2 dagger of electrocution.
A goblin is nearby!
A goblin is nearby!
A goblin is nearby!
Found 4 poisoned darts.
You see here a scroll labelled INOGAT IXUJI.
The goblin hits you with a +2 dagger of electrocution.
You barely miss the goblin.
The goblin hits you with a +2 dagger of electrocution.
You are electrocuted!
You barely miss the goblin.
The goblin hits you with a +2 dagger of electrocution.
You are electrocuted!
* * * LOW HITPOINT WARNING * * *
The goblin hits you but does no damage.
You are electrocuted!
You die...

.# #.# #.# ###
######## #.#
##... .).....#
#.##.....
######.# #......#
#.#########.#...#
#.........?..#
###########@.#
#.g# #.#.. ##
..##.# .# #.# .#
### .####.## #.#
# ... .......#
.(. ### .####..#
... # .# #.. #


You could see a goblin.

Vanquished Creatures
  A ball python (D:1)
  2 endoplasms (D:1)
  A giant cockroach (D:1)
  A goblin (D:1)
  6 hobgoblins (D:1)
  3 kobolds (D:1)
  A quokka (D:1)
  2 bats (D:1)
  A frilled lizard (D:1)
  4 rats (D:1)
22 creatures vanquished.

Notes
Turn   | Place    | Note
-------+----------+-------------------------------------------
     0 | D:1      | PoweredByGinger the Troll Fighter began the quest for the
                  | Orb.
     0 | D:1      | Reached XP level 1. HP: 22/22 MP: 0/0
   136 | D:1      | Reached skill level 3 in Shields
   161 | D:1      | Reached XP level 2. HP: 29/29 MP: 1/1
   445 | D:1      | Mangled by a goblin

Illustrated notes

Levels and vault maps discovered:
D:1:      dpeg_arrival_tiny_f, layout_loops_ring, minmay_close_crescents

Skill      XL: |  1 |
---------------+----+-----
Maces & Flails | 2 |  2.5
Shields        | 3 |  3.2
Fighting       | |  2.4
Dodging        | |  2.4

Action                     || total
---------------------------++-------
  Melee: Flail             ||    78
 Armour: Robe              ||    47
  Dodge: Dodged            ||    43
  Block: Kite shield       ||    33
